 Dungeon Crawl Stone Soup version 0.17-a0-1909-g0b14330 (webtiles) character file.

56 AvaKnavely the Sneak (level 4, 0/24 HPs)
             Began as a Kobold Enchanter on Sept 25, 2015.
             Succumbed to an adder's poison
             ... on level 2 of the Dungeon.
             The game lasted 00:03:47 (1899 turns).

AvaKnavely the Sneak (Kobold Enchanter)             Turns: 1899, Time: 00:03:47

Health: 0/24       AC:  4    Str:  6    XL:     4   Next: 17%
Magic:  8/8        EV: 14    Int: 14    God:
Gold:   39         SH:  0    Dex: 16    Spells: 3 memorised, 3 levels left

rFire  . . .     SeeInvis .     a - +1 dagger
rCold  . . .     Clarity  .     e - +0 leather armour
rNeg   . . .     SustAt   .     (shield restricted)
rPois  .         Gourm    .     (no helmet)
rElec  .         Spirit   .     (no cloak)
rCorr  .         Warding  .     i - +0 pair of gloves
rMut   .         Stasis   .     (no boots)
MR     .....                    (no amulet)
Stlth  +++.......               (no ring)
                                (no ring)

@: lethally poisoned (0 -> -4), not resistant to hostile enchantments, fairly
stealthy
A: carnivore 3
a: no special abilities


You were on level 2 of the Dungeon.
You were very full.

You visited 1 branch of the dungeon, and saw 2 of its levels.

You collected 39 gold pieces.

Inventory:

Hand weapons
 a - a +1 dagger (weapon)
Armour
 b - a +1 robe
 e - a +0 leather armour (worn)
 i - a +0 pair of gloves (worn)
Scrolls
 f - a scroll of teleportation {unknown}
 h - a scroll of identify {unknown}
 j - a scroll of enchant weapon {unknown}
Potions
 g - a potion of flight {unknown}
Books
 c - a book of Maledictions

   Spells                             Type                      Level
   a - Corona                         Hexes                        1
   b - Ensorcelled Hibernation        Hexes/Ice                    2
   c - Confuse                        Hexes                        3
   d - Tukima's Dance                 Hexes                        3
   e - Dazzling Spray                 Conjuration/Hexes            3
Comestibles
 d - 2 meat rations


   Skills:
 + Level 2.8 Short Blades
 - Level 2.4 Dodging
 - Level 4.1 Stealth
 + Level 3.0 Spellcasting
 + Level 3.3 Hexes


You had 3 spell levels left.
You knew the following spells:

 Your Spells              Type           Power        Failure   Level  Hunger
a - Corona                Hex            ##.....      10%         1    #......
b - Ensorcelled Hibernat  Hex/Ice        #.....       30%         2    ##.....
c - Tukima's Dance        Hex            ##......     28%         3    ###....


Dungeon Overview and Level Annotations

Branches:
Dungeon (2/15)

Altars:


Innate Abilities, Weirdness & Mutations

You are small and have problems with some larger weapons.
You are carnivorous and can eat meat at any time.


Message History

You closely miss the adder.
The adder is heavily wounded.
The adder barely misses you.
You hit the adder but do no damage.
The adder is heavily wounded.
The adder barely misses you.
You hit the adder but do no damage.
The adder is heavily wounded.
The adder bites you.
* * * LOW HITPOINT WARNING * * *
You are lethally poisoned!
The adder poisons you!
You hit the adder.
The adder is severely wounded.
* * * LOW HITPOINT WARNING * * *
You feel sick. The adder closely misses you. The adder closely misses you.
You hit the adder.
You kill the adder!
You have reached level 4!
You die...

#.....# #.##.. ########.##..#
#.#... .)........#..# #.#...
###......#..# #.#.##
+......+..# #.#)## #......##.#
#.#... #......##.##### #.####
####...##.#<..#######.###<
+...w.@................
#...##.###.#.#########.
.#####...##.###.#.#.........
............................
.#####...##.###.#.#.........
#......w##.# #.#.##########
##+#.......##.###+#...........
#..........+..##........######
#..........#####........#


You could see a worm.

Vanquished Creatures
  An adder (D:2)
  2 worms (D:2)
  2 giant geckos
  4 giant cockroaches
  8 hobgoblins
  3 jackals (D:2)
  5 kobolds (D:1)
  A quokka (D:2)
  2 bats
  5 goblins
  2 rats
35 creatures vanquished.

Notes
Turn   | Place    | Note
--------------------------------------------------------------
     0 | D:1      | AvaKnavely the Kobold Enchanter began the quest for the Orb.
     0 | D:1      | Reached XP level 1. HP: 10/10 MP: 3/3
   128 | D:1      | Reached XP level 2. HP: 9/15 MP: 3/5
   809 | D:1      | Reached XP level 3. HP: 13/19 MP: 7/7
  1144 | D:2      | Learned a level 2 spell: Ensorcelled Hibernation
  1148 | D:2      | Learned a level 3 spell: Tukima's Dance
  1898 | D:2      | Reached XP level 4. HP: 1/24 MP: 8/8
  1899 | D:2      | Succumbed to an adder's poison

Vault maps used:
D:1:      dpeg_arrival_windows_large_door
D:2:      first_bread

Action                   |  1- 3 |  4- 6 || total
-------------------------+-------+-------++-------
Melee: Dagger            |   124 |       ||   124
 Cast: Corona            |    10 |       ||    10
 Stab: Sleeping          |    14 |       ||    14
  Eat: Chunk             |    10 |       ||    10
